 Dungeon Crawl Stone Soup version 0.30-a0-711-gf4ac18a38d (webtiles) character file.

Game seed: 7257162740229580122

12656 Newt the Thrower (level 11, -1/92 HPs)
             Began as a Demonspawn Gladiator on Jan 22, 2023.
             Was an Initiate of Gozag.
             Slain by a salamander
             ... wielding a +0 trident of venom
              (8 damage)
             ... in a volcano.
             The game lasted 00:17:17 (13627 turns).

Newt the Thrower (Demonspawn Gladiator)            Turns: 13627, Time: 00:17:17

Health: -1/92      AC: 20    Str: 20    XL:     11   Next: 65%
Magic:  20/20      EV: 10    Int:  9    God:    Gozag
Gold:   1208       SH:  5    Dex: 14    Spells: 10/10 levels left

rFire   + . .      SeeInvis .    E - +1 whip (venom)
rCold   + . .      Faith    .    (no shield)
rNeg    . . .      Spirit   .    C - +2 chain mail {rF+}
rPois   .          Reflect  +    c - +0 helmet
rElec   .          Harm     .    G - +1 cloak of Foruonwu {MP+9 Slay+5}
rCorr   .          Rampage  .    h - +0 pair of gloves
Will    .....                    O - +0 pair of boots Stlth
                                 A - amulet of reflection
HPRegen 0.35/turn                q - ring of protection from cold
MPRegen 0.17/turn                (no ring)

@: lethally poisoned (-1 -> -40), studying Staves
A: rugged brown scales 1, ignite blood 2, weakness stinger 2
a: Renounce Religion, Potion Petition, Call Merchant, Bribe Branch


You were in a volcano.
You worshipped Gozag.
Gozag was most pleased with you.
You visited 2 branches of the dungeon, and saw 11 of its levels.
You also visited: Volcano.

You collected 1609 gold pieces.
You spent 245 gold pieces at shops.
You paid 156 gold pieces to Gozag.

Inventory:

Hand Weapons
 a - a +1 rapier
 E - a +1 whip of venom (weapon)
Missiles
 d - 3 boomerangs (quivered)
 o - 9 javelins
 r - 4 throwing nets
 s - 57 poisoned darts
 D - 2 atropa-tipped darts
 L - a curare-tipped dart
Armour
 b - a +0 leather armour
 c - a +0 helmet (worn)
 g - a +1 cloak
 h - a +0 pair of gloves (worn)
 C - a +2 chain mail of fire resistance (worn)
 G - the +1 cloak of Foruonwu (worn) {MP+9 Slay+5}
   (You bought it in a shop on level 1 of the Dungeon)

   Slay:      It affects your accuracy & damage with ranged weapons and melee
   (+5).
   MP:        It affects your magic capacity (+9).
 M - a +3 plate armour of cold resistance
 N - a +2 leather armour of cold resistance
 O - a +0 pair of boots (worn)
 P - +0 steam dragon scales
 S - a +2 cloak of fire resistance
Jewellery
 q - a ring of protection from cold (left hand)
 A - an amulet of reflection (around neck)
Wands
 l - a wand of roots (13)
 u - a wand of paralysis (20)
 y - a wand of mindburst (16)
 J - a wand of digging (3)
Scrolls
 i - 2 scrolls of fog
 j - a scroll of summoning
 k - 2 scrolls of enchant armour
 n - 4 scrolls of teleportation
 p - 2 scrolls of enchant weapon
 x - 2 scrolls of magic mapping
 z - 3 scrolls of fear
 K - a scroll of blinking
 Q - a scroll of silence
 R - a scroll of immolation
Potions
 e - 5 potions of flight
 f - 3 potions of curing
 m - 2 potions of brilliance
 t - a potion of magic
 v - a potion of mutation
 w - a potion of resistance
 B - a potion of lignification
 F - 3 potions of heal wounds
 H - 3 potions of berserk rage
 I - a potion of might


   Skills:
 - Level 10.0 Fighting
 - Level 2.6 Short Blades
 + Level 10.1 Throwing
 - Level 9.0 Armour
 - Level 5.0 Dodging
 - Level 2.0 Stealth
 - Level 5.0 Evocations


You had 10 spell levels left.
You didn't know any spells.
Your spell library contained the following spells:

 Spells                   Type           Power      Damage    Failure   Level
 Freeze                   Ice            0%         1d3       97%         1
 Necrotise                Necr           0%         1d4       97%         1
 Sandblast                Erth           0%         2d4       97%         1
 Blink                    Tloc           0%         N/A       99%         2
 Lesser Beckoning         Tloc           0%         N/A       99%         2
 Momentum Strike          Conj/Tloc      0%         3d8       99%         2
 Passwall                 Tmut/Erth      0%         N/A       99%         2
 Frozen Ramparts          Ice            0%         1d1       100%        3
 Hailstorm                Conj/Ice       0%         3d3       100%        3
 Stone Arrow              Conj/Erth      0%         3d7       100%        3
 Vampiric Draining        Necr           0%         2d6       100%        3
 Agony                    Necr           0%         N/A       100%        5


Dungeon Overview and Level Annotations

Branches:
Dungeon (10/15)            Temple (0/1) D:7            Lair (1/5) D:9
Volcano (1/1)
    Orc: D:9-12

Altars:
Fedhas
Gozag
Qazlal
Vehumet
Wu Jian
Xom
Yredelemnul

Shops:
D:1 *::*   D:4 :

Annotations:
D:9 2 transporters, bande's ghost, novice GrFi


Innate Abilities, Weirdness & Mutations

You are partially covered in rugged brown scales. (AC +1, +3% HP)
Your demonic aura often causes spilled blood to erupt in flames.
You have a tail ending in a sharp stinger.


Message History

You are engulfed in flames!
You resist.
You are more poisoned.
You hit the salamander. You tail-slap the salamander!
You punch the salamander, but do no damage.
The salamander is severely wounded.
In the distance, the volcano erupts with a roar.
You feel very sick.
The salamander hits you but does no damage.
You are more poisoned.
You hit the salamander but do no damage.
The salamander is poisoned.
The salamander is severely wounded.
You feel very sick.
The salamander hits you but does no damage.
You are more poisoned.
You block the salamander's attack.
You hit the salamander but do no damage.
The salamander is severely wounded.
You feel extremely sick.
The salamander hits you with a +0 trident of venom!
You are engulfed in flames!
You resist.
You are more poisoned.
You whack the salamander!
The salamander is almost dead.
You feel extremely sick.
The salamander hits you with a +0 trident of venom!
* * * LOW HITPOINT WARNING * * *
You are engulfed in flames!
You resist.
* * * LOW HITPOINT WARNING * * *
You are more poisoned.
Throw: 3 boomerangs
Press: ? - help, Q - select action, (/) - cycle Shift-Dir - straight line, f/p - salamander
Aim: a salamander, wielding a +0 trident of venom and wearing a +1 scale mail of fire resistance (almost dead, unusually resistant, poisoned, 82% to hit)
You throw a boomerang.
The boomerang barely misses the salamander.
* * * LOW HITPOINT WARNING * * *
You feel extremely sick.
The salamander hits you with a +0 trident of venom!
You die...
Your body crumbles into a pile of gold.

≈≈~~.≈.~≈≈~~~~.≈
~.~.~.~~~~...~~~≈.
...))))........°..
..##'##...#####.°.
.##.).##.##...##.#
.#.....#.#.....#°# $
.#.....#.#.....#.# $
.##...##.##...##.## $
..#####...##'##.@N####
§...§.......°.......°°..
≈≈≈≈≈≈≈≈≈≈≈°°°≈≈≈≈≈.≈..°
≈§≈§≈≈≈≈≈≈°≈°°§≈°≈§.§≈≈
≈≈§§≈≈§§≈≈°§≈≈°≈≈≈≈≈≈≈§
≈§≈≈§≈≈≈≈≈≈≈≈°°§≈≈°≈≈§≈
≈≈§≈§≈≈§§≈≈≈°≈≈≈≈≈≈§≈≈§
§§≈≈§≈≈§≈≈≈#≈≈≈§§≈§§§≈≈
≈§#≈≈≈≈≈≈§≈≈§≈#≈≈≈≈§


You could see a salamander (resistant, poisoned).

Vanquished Creatures
  A catoblepas (Lair:1)
  3 two-headed ogres (Volcano)
  An ugly thing (D:8)
  A salamander (Volcano)
  3 cane toads (Lair:1)
  Maggie (D:9)
  Psyche (D:8)
  A hornet (D:9)
  2 wyverns (D:8)
  12 yaks
  7 fire bats
  A steam dragon (D:7)
  An acid dragon (D:9)
  3 water moccasins
  A hell hound (D:8)
  2 sky beasts
  3 ice beasts
  2 ogres
  4 orc warriors
  4 black bears
  5 centaurs
  A phantom (D:5)
  6 kobold brigands
  3 bullfrogs
  5 scorpions
  8 wights (D:8)
  6 killer bees (D:8)
  An electric eel (D:8)
  A howler monkey (D:5)
  4 jellies
  2 lava snakes (D:8)
  3 hounds
  2 orc priests
  4 iguanas
  3 orc wizards
  4 gnolls
  7 adders
  A shadow imp (D:5)
  2 ufetubi (D:6)
  4 worms
  5 dart slugs
  22 orcs
  9 endoplasms
  2 giant cockroaches
  5 hobgoblins
  7 jackals
  5 quokkas
  5 ball pythons
  5 bats
  6 frilled lizards
  8 goblins
  35 kobolds
  8 rats
  3 fire vortices (D:8)
251 creatures vanquished.

Vanquished Creatures (others)
  8 plants
8 creatures vanquished.

Grand Total: 259 creatures vanquished

Notes
Turn   | Place    | Note
-------+----------+-------------------------------------------
     0 | D:1      | Newt the Demonspawn Gladiator began the quest for the Orb.
     0 | D:1      | Reached XP level 1. HP: 16/16 MP: 1/1
   141 | D:1      | Found Hutipu Coba's Assorted Antiques.
   155 | D:1      | Reached skill level 1 in Stealth
   185 | D:1      | Bought a scroll labelled BOLOATESTRI for 19 gold pieces
   205 | D:1      | Gained mutation: Your demonic aura sometimes causes spilled
                  | blood to erupt in flames. [demonic ancestry]
   205 | D:1      | Reached XP level 2. HP: 21/22 MP: 2/2
   244 | D:1      | Found Zehed's Book Shoppe.
   474 | D:1      | Found Jaraicwoss's Book Boutique.
   554 | D:1      | Found Nacusam's Assorted Antiques.
   598 | D:1      | Reached XP level 3. HP: 28/28 MP: 3/3
  1415 | D:2      | Found a faded altar of an unknown god.
  1462 | D:2      | Reached XP level 4. HP: 25/37 MP: 4/4
  1735 | D:2      | Reached skill level 1 in Armour
  1768 | D:2      | Found a shimmering altar of Xom.
  2404 | D:2      | Reached XP level 5. HP: 42/42 MP: 5/5
  2579 | D:1      | Bought a scroll labelled DOTEUSTR KANA for 23 gold pieces
  2579 | D:1      | Bought a scroll labelled PEGOICU XERGH for 23 gold pieces
  2676 | D:3      | Identified the +7 short sword of a sewer {drain, Will+}
  2875 | D:3      | Found a basalt altar of Yredelemnul.
  2930 | D:3      | Found an ornate altar of the Wu Jian Council.
  2961 | D:3      | Found a radiant altar of Vehumet.
  3692 | D:4      | Found Woenopaq's Book Shop.
  3786 | D:4      | Noticed an ogre
  3796 | D:4      | Killed an ogre
  3797 | D:4      | Gained mutation: You are partially covered in rugged brown
                  | scales. (AC +1, +3% HP) [demonic ancestry]
  3797 | D:4      | Reached XP level 6. HP: 40/49 MP: 6/6
  3888 | D:4      | Found a blossoming altar of Fedhas.
  4231 | D:5      | Entered Level 5 of the Dungeon
  4408 | D:5      | Reached skill level 5 in Dodging
  4538 | D:5      | Reached XP level 7. HP: 55/55 MP: 7/7
  5408 | D:5      | Reached skill level 5 in Evocations
  5955 | D:6      | Gained mutation: Your demonic aura often causes spilled
                  | blood to erupt in flames. [demonic ancestry]
  5955 | D:6      | Reached XP level 8. HP: 45/61 MP: 8/8
  6580 | D:6      | HP: 2/61 [something (6)]
  6588 | D:6      | Reached skill level 5 in Throwing
  7129 | D:7      | Found a staircase to the Ecumenical Temple.
  7141 | D:7      | Found an opulent altar of Gozag.
  7744 | D:7      | Became a worshipper of Gozag Ym Sagoz the Greedy
  7793 | D:7      | Gained mutation: You have a small tail. [demonic ancestry]
  7793 | D:7      | Reached XP level 9. HP: 35/66 MP: 9/9
  8927 | D:1      | Bought a spiked cloak for 180 gold pieces
  8927 | D:1      | Identified the +1 cloak of Foruonwu {MP+9 Slay+5} (You
                  | bought it in a shop on level 1 of the Dungeon)
  9653 | D:8      | Reached skill level 5 in Fighting
 10029 | D:8      | Noticed Psyche
 10034 | D:8      | Killed Psyche
 10042 | D:8      | Reached skill level 5 in Armour
 10231 | D:8      | Gained mutation: You have a tail ending in a sharp stinger.
                  | [demonic ancestry]
 10231 | D:8      | Reached XP level 10. HP: 78/78 MP: 10/10
 10513 | D:8      | You fall into a shaft and drop 1 floor!
 10603 | D:9      | Reached skill level 10 in Throwing
 10664 | D:8      | Noticed a white ugly thing
 10676 | D:8      | Killed a white ugly thing
 12062 | D:9      | Noticed a smoke demon
 12068 | D:9      | Found a transporter.
 12087 | D:9      | Noticed a toenail golem
 12093 | D:9      | Found a transporter.
 12253 | D:9      | Reached XP level 11. HP: 88/92 MP: 11/11
 12352 | D:9      | Found a staircase to the Lair.
 12374 | D:9      | Reached skill level 10 in Fighting
 12446 | D:9      | Noticed Maggie
 12475 | D:9      | Killed Maggie
 12823 | D:9      | Found a stormy altar of Qazlal.
 12946 | D:9      | Noticed bande's ghost (novice GrFi)
 12993 | D:10     | Entered Level 10 of the Dungeon
 13018 | Lair:1   | Entered Level 1 of the Lair of Beasts
 13132 | Lair:1   | Noticed a catoblepas
 13145 | Lair:1   | Killed a catoblepas
 13225 | Lair:1   | Found a dark tunnel.
 13230 | Volcano  | Entered a volcano
 13383 | Volcano  | Noticed a two-headed ogre
 13390 | Volcano  | Killed a two-headed ogre
 13390 | Volcano  | Noticed a two-headed ogre
 13395 | Volcano  | Killed a two-headed ogre
 13401 | Volcano  | Noticed a two-headed ogre
 13404 | Volcano  | Killed a two-headed ogre
 13627 | Volcano  | Slain by a salamander

Illustrated notes

Levels and vault maps discovered:
D:1:      amcnicky_arrival_flooded_fountain, layout_basic, serial_shops,
          nicolae_shop_statue_plus, shop, shop, nicolae_shop_stone
D:2:      layout_basic, basic_altar,
          hellmonk_ecumenical_altar_pennies_from_heaven, serial_bayou_pond_b,
          st_stairs_5, minmay_heptomino_o4
D:3:      layout_loops_corners, mainiacjoe_overflow_concentric_impassable,
          nzn_wu_jian_contemplation, lemuel_round_altar, hangedman_glass_teeth,
          nicolae_titane
D:4:      layout_cave_pools, mainiacjoe_overflow_large_starburst, serial_shops,
          nicolae_stop_n_shop_2
D:5:      layout_loops_corners, serial_bayou, serial_bayou_crossing,
          serial_bayou_pond_e, serial_bayou_lagoon_a, serial_bayou_pond_b
D:6:      layout_gridville, hangedman_abyss_or_decor_lesser_grid, minivault_25
D:7:      layout_layer_cave, minmay_temple_entry_trees, minmay_ruined_shrine
D:8:      kennysheep_ambush_hall, layout_basic, hangedman_incinerator,
          uniq_psyche
D:9:      layout_long_grid, nicolae_qazlal_eye_of_the_storm, lair_entry_dummy,
          gammafunk_ghost_abyssal_escape, uniq_maggie
D:10:     layout_stronghold, hiddenorc1_lemuel, nicolae_benzene_ring
Lair:1:   layout_gridlike, enter_volcano_1, grunt_megastairs_2
Volcano:  volcano_village

Skill      XL: |  1  2  3  4  5  6  7  8  9 10 11 |
---------------+----------------------------------+-----
Stealth        | 1 2 |  2.0
Fighting       | 3 4 6 9 10 | 10.0
Armour         | 2 3 5 9 |  9.0
Dodging        | 3 5 |  5.0
Evocations     | 2 5 |  5.0
Throwing       | 3 7 8 10 | 10.1
Short Blades   | |  2.6

Action                     |  1- 3 |  4- 6 |  7- 9 | 10-12 || total
---------------------------+-------+-------+-------+-------++-------
  Melee: Rapier            |   134 |   254 |   255 |       ||   643
         Punch             |     1 |     1 |     6 |     5 ||    13
         Whip              |       |       |    34 |   132 ||   166
         Tailslap          |       |       |     8 |    30 ||    38
  Throw: Throwing net      |     1 |     2 |     1 |       ||     4
         Javelin           |     1 |     3 |    33 |    11 ||    48
         Dart              |       |     2 |     2 |       ||     4
         Boomerang         |       |    11 |    63 |   119 ||   193
  Evoke: Wand              |       |       |       |     1 ||     1
    Use: Scroll            |     1 |    14 |     1 |     8 ||    24
         Potion            |       |       |     2 |     1 ||     3
   Stab: Sleeping          |     3 |     7 |     2 |       ||    12
         Held in net/web   |       |       |     2 |       ||     2
         Distracted        |       |       |       |     2 ||     2
 Armour: Leather armour    |    47 |    67 |   128 |    22 ||   264
         Chain mail        |       |       |       |    17 ||    17
         Steam dragon scal |       |       |       |     8 ||     8
  Dodge: Dodged            |   100 |   166 |   231 |   109 ||   606
  Block: Other             |       |       |    73 |    43 ||   116
         Reflection        |       |       |     2 |     1 ||     3

Table legend: (Time is in decaauts)
 A = Elapsed time spent in this place.
 B = Non-inter-level travel time spent in this place.
 C = Inter-level travel time spent in this place.
 D = Time resting spent in this place.
 E = Time spent auto-exploring this place.
 F = Levels seen in this place.
 G = Mean time per level.
                   A        B        C        D        E       F      G
               +--------+--------+--------+--------+--------+-----+--------+
         Total |  13716 |  12744 |    972 |   2895 |   7732 |  12 | 1143.0 |
       Dungeon |  13112 |  12140 |    972 |   2643 |   7549 |  10 | 1311.2 |
          Lair |    210 |    210 |      0 |    138 |      0 |   1 |  210.0 |
       Volcano |    393 |    393 |      0 |    114 |    183 |   1 |  393.0 |
               +--------+--------+--------+--------+--------+-----+--------+

Top non-repeatable levels by time:
     D:8: 2388 daAuts
     D:6: 1782 daAuts
     D:5: 1726 daAuts
     D:7: 1623 daAuts
     D:2: 1441 daAuts
     D:1: 1397 daAuts
     D:9: 1088 daAuts
     D:3: 1084 daAuts
     D:4: 578 daAuts
 Volcano: 393 daAuts
  Lair:1: 210 daAuts
    D:10: 1 daAuts
